[ AOE2 MATCH · #475915772 ]
UnrankedEthiopians vs Tatars
[ REPLAY ANALYSIS · EXTRACTED FROM THE RECORDED GAME ]
Feudal
3:47
Castle
9:08
Imperial
13:00
| APM avg | 24.5 |
| APM peak | 46 |
| eAPM avg | 20.8 |
| Villagers / military | 90 / 22 |
Focus
⚔️ 18.9% · 🌾 81.1%
Shotel Warrior ×14 · Bombard Cannon ×5 · Mangonel ×3
Feudal
1:55
Castle
7:15
Imperial
10:42
| APM avg | 38.9 |
| APM peak | 149 |
| eAPM avg | 38.7 |
| Villagers / military | 143 / 58 |
Focus
⚔️ 24.6% · 🌾 75.4%
Scout Cavalry ×38 · Trade Cart ×35 · Monk ×20
Feudal
4:00
Castle
9:54
Imperial
14:50
| APM avg | 38.5 |
| APM peak | 184 |
| eAPM avg | 38.3 |
| Villagers / military | 69 / 181 |
Focus
⚔️ 73.6% · 🌾 26.4%
Karambit Warrior ×180 · Unknown (759) ×13 · Militia ×1
Feudal
1:55
Castle
8:34
Imperial
11:58
| APM avg | 54.0 |
| APM peak | 123 |
| eAPM avg | 47.1 |
| Villagers / military | 42 / 17 |
Focus
⚔️ 34.4% · 🌾 65.6%
Unknown (1263) ×226 · Trade Cart ×29 · Mangonel ×12 · Scout Cavalry ×5
Feudal
3:35
Castle
10:11
Imperial
21:38
| APM avg | 30.5 |
| APM peak | 157 |
| eAPM avg | 29.4 |
| Villagers / military | 130 / 27 |
Focus
⚔️ 22.9% · 🌾 77.1%
Huskarl ×27
Feudal
3:01
Castle
5:43
Imperial
12:06
| APM avg | 36.7 |
| APM peak | 95 |
| eAPM avg | 35.5 |
| Villagers / military | 76 / 15 |
Focus
⚔️ 55.5% · 🌾 44.5%
Chakram Thrower ×11 · Spearman ×3 · Camel Scout ×1
Feudal
4:45
Castle
9:13
Imperial
12:12
| APM avg | 29.3 |
| APM peak | 69 |
| eAPM avg | 28.2 |
| Villagers / military | 45 / 349 |
Focus
⚔️ 37.3% · 🌾 62.7%
Scout Cavalry ×349 · Trade Cart ×37
Feudal
1:25
Castle
11:11
Imperial
22:57
| APM avg | 18.7 |
| APM peak | 49 |
| eAPM avg | 17.5 |
| Villagers / military | 126 / 79 |
Focus
⚔️ 30.1% · 🌾 69.9%
War Elephant ×79 · Trade Cart ×70
Match map
Initial resources + every placement click. Lines = walls · curves = elevation contours. ◆ gold · ⬟ stone · ● berries · ✦ relic · ◌ wall gap
Your base· ✓ Map-separated
nooblet3200's base· ✓ Map-separated
jonathahyoga's base· ✓ Map-separated
vincentc95's base· ✓ Map-separated
Dutchigander's base· ✓ Map-separated
develement's base· ✓ Map-separated
Stigel's base· ✓ Map-separated
Brohio's base· ✓ Map-separated
Smoothed initial terrain · ◌ = detected wall gap · hover for details
Inputs per minute
— Seth_ - - nooblet3200
Build order — Seth_
First 150 of 281 actions detected
| 0:04 | Create | Villager (Male) |
| 0:08 | Build | House |
| 0:09 | Create | Villager (Male) |
| 0:10 | Create | Villager (Male) |
| 0:10 | Create | Villager (Male) |
| 1:39 | Build | Lumber Camp |
| 1:40 | Create | Villager (Male) |
| 1:40 | Create | Villager (Male) |
| 1:40 | Create | Villager (Male) |
| 1:40 | Create | Villager (Male) |
| 1:41 | Create | Villager (Male) |
| 1:49 | Create | Villager (Male) |
| 1:49 | Create | Villager (Male) |
| 1:50 | Create | Villager (Male) |
| 2:39 | Build | Mill |
| 2:39 | Create | Villager (Male) |
| 2:39 | Create | Villager (Male) |
| 2:39 | Create | Villager (Male) |
| 2:40 | Create | Villager (Male) |
| 2:51 | Create | Villager (Male) |
| 2:51 | Create | Villager (Male) |
| 3:02 | Create | Villager (Male) |
| 3:02 | Create | Villager (Male) |
| 3:11 | Build | House |
| 3:21 | Create | Villager (Male) |
| 3:21 | Create | Villager (Male) |
| 3:22 | Create | Villager (Male) |
| 3:22 | Create | Villager (Male) |
| 3:45 | Research | Feudal Age |
| 3:46 | Research | Feudal Age |
| 3:47 | Age | Feudal Age |
| 3:57 | Build | Farm |
| 4:00 | Create | Villager (Male) |
| 4:01 | Create | Villager (Male) |
| 4:01 | Create | Villager (Male) |
| 4:01 | Create | Villager (Male) |
| 4:04 | Research | Double-Bit Axe |
| 4:05 | Research | Double-Bit Axe |
| 4:05 | Research | Double-Bit Axe |
| 4:05 | Research | Double-Bit Axe |
| 4:05 | Research | Double-Bit Axe |
| 4:37 | Research | Tech 1625 |
| 4:42 | Research | Wheelbarrow |
| 4:43 | Research | Wheelbarrow |
| 4:45 | Research | Wheelbarrow |
| 4:51 | Create | Villager (Male) |
| 5:03 | Create | Villager (Male) |
| 5:04 | Create | Villager (Male) |
| 5:25 | Research | Double-Bit Axe |
| 5:30 | Research | Tech 1625 |
| 5:50 | Create | Villager (Male) |
| 5:51 | Create | Villager (Male) |
| 5:51 | Create | Villager (Male) |
| 5:55 | Research | Wheelbarrow |
| 6:01 | Build | Blacksmith |
| 6:49 | Build | Lumber Camp |
| 7:09 | Create | Villager (Male) |
| 7:09 | Create | Villager (Male) |
| 7:09 | Create | Villager (Male) |
| 7:09 | Create | Villager (Male) |
| 7:10 | Create | Villager (Male) |
| 7:10 | Create | Villager (Male) |
| 7:10 | Create | Villager (Male) |
| 7:11 | Create | Villager (Male) |
| 7:17 | Research | Wheelbarrow |
| 7:27 | Research | Double-Bit Axe |
| 7:27 | Research | Double-Bit Axe |
| 7:27 | Research | Double-Bit Axe |
| 7:28 | Research | Double-Bit Axe |
| 7:32 | Build | House |
| 7:51 | Create | Villager (Male) |
| 7:51 | Create | Villager (Male) |
| 7:52 | Create | Villager (Male) |
| 8:03 | Create | Villager (Male) |
| 8:03 | Create | Villager (Male) |
| 8:03 | Create | Villager (Male) |
| 8:04 | Create | Villager (Male) |
| 8:04 | Create | Villager (Male) |
| 8:04 | Create | Villager (Male) |
| 8:04 | Create | Villager (Male) |
| 8:21 | Build | Farm |
| 8:25 | Build | Lumber Camp |
| 8:30 | Build | Market |
| 8:31 | Create | Villager (Male) |
| 8:31 | Create | Villager (Male) |
| 9:08 | Research | Castle Age |
| 9:08 | Age | Castle Age |
| 9:13 | Research | Wheelbarrow |
| 9:13 | Research | Wheelbarrow |
| 9:14 | Research | Wheelbarrow |
| 9:14 | Research | Wheelbarrow |
| 9:24 | Create | Villager (Male) |
| 9:24 | Create | Villager (Male) |
| 9:25 | Create | Villager (Male) |
| 9:39 | Build | Farm |
| 9:54 | Build | Mill |
| 10:01 | Create | Villager (Male) |
| 10:04 | Research | Double-Bit Axe |
| 10:04 | Research | Double-Bit Axe |
| 10:04 | Research | Double-Bit Axe |
| 10:05 | Research | Double-Bit Axe |
| 10:20 | Create | Villager (Male) |
| 10:21 | Create | Villager (Male) |
| 10:22 | Create | Villager (Male) |
| 10:27 | Build | Farm |
| 10:57 | Build | Lumber Camp |
| 11:11 | Build | Farm |
| 11:22 | Build | Lumber Camp |
| 11:26 | Build | Farm |
| 11:39 | Research | Double-Bit Axe |
| 11:39 | Research | Double-Bit Axe |
| 11:42 | Create | Villager (Male) |
| 11:56 | Build | Farm |
| 12:23 | Build | University |
| 12:31 | Build | Lumber Camp |
| 12:43 | Build | Siege Workshop |
| 12:50 | Build | Lumber Camp |
| 12:51 | Create | Villager (Male) |
| 12:54 | Create | Villager (Male) |
| 12:55 | Create | Villager (Male) |
| 13:00 | Research | Imperial Age |
| 13:00 | Age | Imperial Age |
| 13:04 | Create | Villager (Male) |
| 13:07 | Create | Villager (Male) |
| 13:08 | Create | Villager (Male) |
| 13:09 | Create | Villager (Male) |
| 13:13 | Research | Onager (upgrade) |
| 13:15 | Create | Mangonel |
| 13:16 | Create | Mangonel |
| 13:16 | Create | Mangonel |
| 13:20 | Create | Villager (Male) |
| 13:25 | Create | Villager (Male) |
| 13:37 | Research | Double-Bit Axe |
| 13:37 | Research | Double-Bit Axe |
| 13:37 | Research | Double-Bit Axe |
| 13:37 | Research | Double-Bit Axe |
| 13:38 | Research | Double-Bit Axe |
| 13:38 | Research | Double-Bit Axe |
| 13:38 | Research | Double-Bit Axe |
| 13:58 | Create | Villager (Male) |
| 14:17 | Build | Town Center |
| 14:49 | Research | Town Watch |
| 14:57 | Create | Villager (Male) |
| 15:06 | Build | Farm |
| 15:11 | Build | Farm |
| 15:12 | Build | Farm |
| 15:12 | Build | Farm |
| 15:12 | Build | Farm |
| 15:12 | Build | Farm |
| 15:13 | Build | Farm |
Build order — nooblet3200
First 150 of 679 actions detected
| 0:14 | Create | Villager (Male) |
| 0:14 | Create | Villager (Male) |
| 0:15 | Create | Villager (Male) |
| 0:16 | Create | Villager (Male) |
| 0:23 | Build | Mill |
| 0:29 | Build | Lumber Camp |
| 0:50 | Build | Farm |
| 0:56 | Research | Feudal Age |
| 1:55 | Age | Feudal Age |
| 2:00 | Research | Tech 1625 |
| 2:00 | Research | Tech 1625 |
| 2:01 | Research | Tech 1625 |
| 2:01 | Research | Tech 1625 |
| 2:15 | Research | Double-Bit Axe |
| 3:12 | Research | Wheelbarrow |
| 3:18 | Research | Double-Bit Axe |
| 3:28 | Research | Double-Bit Axe |
| 3:42 | Build | Farm |
| 3:50 | Research | Double-Bit Axe |
| 4:04 | Research | Double-Bit Axe |
| 4:05 | Research | Double-Bit Axe |
| 4:09 | Research | Double-Bit Axe |
| 4:10 | Research | Double-Bit Axe |
| 4:21 | Research | Tech 1625 |
| 4:36 | Research | Wheelbarrow |
| 4:42 | Build | Farm |
| 4:52 | Research | Double-Bit Axe |
| 4:52 | Research | Double-Bit Axe |
| 4:52 | Research | Double-Bit Axe |
| 4:53 | Research | Double-Bit Axe |
| 4:53 | Research | Double-Bit Axe |
| 4:53 | Research | Double-Bit Axe |
| 4:54 | Research | Double-Bit Axe |
| 5:18 | Research | Wheelbarrow |
| 5:25 | Research | Tech 1625 |
| 5:26 | Research | Tech 1625 |
| 5:39 | Build | Lumber Camp |
| 5:59 | Research | Double-Bit Axe |
| 6:00 | Research | Double-Bit Axe |
| 6:09 | Build | Market |
| 6:11 | Build | Blacksmith |
| 6:18 | Research | Tech 1625 |
| 6:18 | Research | Tech 1625 |
| 6:18 | Research | Tech 1625 |
| 6:43 | Research | Castle Age |
| 7:09 | Build | Farm |
| 7:15 | Age | Castle Age |
| 7:24 | Build | Town Center |
| 7:35 | Build | University |
| 7:39 | Build | Monastery |
| 7:47 | Build | Market |
| 8:06 | Research | Treadmill Crane |
| 8:07 | Research | Treadmill Crane |
| 8:09 | Research | Treadmill Crane |
| 8:14 | Build | Lumber Camp |
| 8:19 | Build | Lumber Camp |
| 8:28 | Research | Wheelbarrow |
| 8:28 | Research | Wheelbarrow |
| 8:29 | Research | Wheelbarrow |
| 8:29 | Research | Wheelbarrow |
| 8:29 | Research | Wheelbarrow |
| 8:32 | Research | Double-Bit Axe |
| 8:33 | Research | Double-Bit Axe |
| 8:33 | Research | Double-Bit Axe |
| 8:33 | Research | Double-Bit Axe |
| 8:33 | Research | Double-Bit Axe |
| 8:34 | Research | Double-Bit Axe |
| 8:34 | Research | Double-Bit Axe |
| 8:34 | Research | Double-Bit Axe |
| 8:34 | Research | Double-Bit Axe |
| 8:35 | Research | Double-Bit Axe |
| 8:35 | Research | Double-Bit Axe |
| 8:35 | Research | Double-Bit Axe |
| 8:35 | Research | Double-Bit Axe |
| 8:36 | Research | Double-Bit Axe |
| 8:36 | Research | Double-Bit Axe |
| 8:36 | Research | Double-Bit Axe |
| 8:36 | Research | Double-Bit Axe |
| 8:37 | Research | Double-Bit Axe |
| 8:37 | Research | Double-Bit Axe |
| 9:23 | Research | Double-Bit Axe |
| 9:34 | Research | Treadmill Crane |
| 9:34 | Research | Treadmill Crane |
| 9:35 | Research | Treadmill Crane |
| 9:42 | Research | Tech 1625 |
| 9:43 | Research | Tech 1625 |
| 9:43 | Research | Tech 1625 |
| 9:43 | Research | Tech 1625 |
| 9:43 | Research | Tech 1625 |
| 9:43 | Research | Tech 1625 |
| 9:44 | Research | Tech 1625 |
| 10:12 | Research | Imperial Age |
| 10:16 | Research | Wheelbarrow |
| 10:25 | Build | Town Center |
| 10:42 | Age | Imperial Age |
| 10:45 | Build | Town Center |
| 10:56 | Build | Town Center |
| 11:22 | Build | Town Center |
| 11:34 | Create | Villager (Male) ×5 |
| 11:34 | Create | Villager (Male) ×5 |
| 11:35 | Create | Villager (Male) ×5 |
| 11:35 | Create | Villager (Male) ×5 |
| 11:35 | Create | Villager (Male) ×5 |
| 11:36 | Create | Villager (Male) ×5 |
| 11:36 | Create | Villager (Male) ×5 |
| 11:37 | Create | Villager (Male) ×5 |
| 11:37 | Create | Villager (Male) ×5 |
| 11:37 | Create | Villager (Male) ×5 |
| 11:37 | Create | Villager (Male) ×5 |
| 11:38 | Create | Villager (Male) ×4 |
| 12:11 | Build | Lumber Camp |
| 12:16 | Build | Lumber Camp |
| 12:28 | Research | Guilds |
| 12:32 | Build | Town Center |
| 12:33 | Build | Town Center |
| 12:35 | Build | Town Center |
| 12:40 | Research | Treadmill Crane |
| 12:40 | Research | Treadmill Crane |
| 12:49 | Build | Lumber Camp |
| 12:55 | Build | Lumber Camp |
| 13:01 | Build | Lumber Camp |
| 13:24 | Build | Lumber Camp |
| 13:38 | Build | Town Center |
| 13:41 | Build | Town Center |
| 13:43 | Build | Town Center |
| 13:44 | Build | Town Center |
| 13:46 | Build | Town Center |
| 13:54 | Build | Lumber Camp |
| 14:03 | Build | Market |
| 14:05 | Build | Market |
| 14:06 | Build | Market |
| 14:08 | Build | Market |
| 14:10 | Build | Market |
| 14:11 | Build | Market |
| 14:19 | Build | Market |
| 14:23 | Build | Market |
| 14:26 | Build | Market |
| 14:29 | Build | Market |
| 14:55 | Build | Market |
| 14:57 | Build | Market |
| 15:00 | Build | Market |
| 15:08 | Build | Lumber Camp |
| 15:13 | Build | Lumber Camp |
| 15:31 | Build | Lumber Camp |
| 15:40 | Create | Villager (Male) ×5 |
| 15:40 | Create | Villager (Male) ×5 |
| 15:40 | Create | Villager (Male) ×5 |
| 15:40 | Create | Villager (Male) ×5 |
| 15:41 | Create | Villager (Male) ×5 |
| 15:41 | Create | Villager (Male) ×5 |
Build order — jonathahyoga
First 150 of 874 actions detected
| 0:06 | Create | Villager (Male) |
| 0:06 | Create | Villager (Male) |
| 0:07 | Create | Villager (Male) |
| 0:07 | Create | Villager (Male) |
| 0:16 | Build | House |
| 0:48 | Create | Villager (Male) |
| 1:47 | Build | Mill |
| 1:55 | Create | Villager (Male) ×3 |
| 2:04 | Build | Farm |
| 2:13 | Build | Lumber Camp |
| 3:43 | Create | Villager (Male) |
| 3:44 | Create | Villager (Male) |
| 4:00 | Research | Feudal Age |
| 4:00 | Age | Feudal Age |
| 4:05 | Research | Town Watch |
| 4:05 | Research | Town Watch |
| 4:10 | Research | Double-Bit Axe |
| 4:11 | Research | Double-Bit Axe |
| 4:11 | Research | Double-Bit Axe |
| 4:11 | Research | Double-Bit Axe |
| 4:12 | Research | Double-Bit Axe |
| 4:12 | Research | Double-Bit Axe |
| 4:12 | Research | Double-Bit Axe |
| 4:13 | Research | Double-Bit Axe |
| 4:23 | Research | Tech 1625 |
| 5:06 | Create | Villager (Male) ×3 |
| 5:33 | Research | Double-Bit Axe |
| 6:32 | Create | Villager (Male) |
| 6:33 | Create | Villager (Male) |
| 6:33 | Create | Villager (Male) |
| 6:48 | Build | Farm |
| 7:01 | Research | Tech 1612 |
| 8:14 | Research | Wheelbarrow |
| 8:14 | Research | Wheelbarrow |
| 8:46 | Build | Blacksmith |
| 8:59 | Build | Lumber Camp |
| 9:19 | Build | Market |
| 9:25 | Create | Villager (Male) ×5 |
| 9:54 | Research | Castle Age |
| 9:54 | Age | Castle Age |
| 10:02 | Research | Scale Mail Armor |
| 10:02 | Research | Scale Mail Armor |
| 10:03 | Research | Scale Mail Armor |
| 10:03 | Research | Scale Mail Armor |
| 10:03 | Research | Scale Mail Armor |
| 10:04 | Research | Scale Mail Armor |
| 10:04 | Research | Scale Mail Armor |
| 10:04 | Research | Scale Mail Armor |
| 10:08 | Research | Scale Mail Armor |
| 10:09 | Research | Scale Mail Armor |
| 10:09 | Research | Scale Mail Armor |
| 10:10 | Research | Scale Mail Armor |
| 10:10 | Research | Scale Mail Armor |
| 10:10 | Research | Scale Mail Armor |
| 10:10 | Research | Scale Mail Armor |
| 10:11 | Research | Scale Mail Armor |
| 10:11 | Research | Scale Mail Armor |
| 10:11 | Research | Scale Mail Armor |
| 10:12 | Research | Scale Mail Armor |
| 10:12 | Research | Scale Mail Armor |
| 10:12 | Research | Scale Mail Armor |
| 10:13 | Research | Scale Mail Armor |
| 10:13 | Research | Scale Mail Armor |
| 10:13 | Research | Scale Mail Armor |
| 10:14 | Research | Scale Mail Armor |
| 10:14 | Research | Scale Mail Armor |
| 10:15 | Research | Scale Mail Armor |
| 10:15 | Research | Scale Mail Armor |
| 10:16 | Research | Scale Mail Armor |
| 10:16 | Research | Scale Mail Armor |
| 10:16 | Research | Scale Mail Armor |
| 10:17 | Research | Scale Mail Armor |
| 10:18 | Research | Scale Mail Armor |
| 10:18 | Research | Scale Mail Armor |
| 10:18 | Research | Scale Mail Armor |
| 10:19 | Research | Scale Mail Armor |
| 10:19 | Research | Scale Mail Armor |
| 10:20 | Research | Scale Mail Armor |
| 10:20 | Research | Scale Mail Armor |
| 10:20 | Research | Scale Mail Armor |
| 10:21 | Research | Scale Mail Armor |
| 10:22 | Research | Scale Mail Armor |
| 10:22 | Research | Scale Mail Armor |
| 10:22 | Research | Scale Mail Armor |
| 10:23 | Research | Scale Mail Armor |
| 10:23 | Research | Scale Mail Armor |
| 10:24 | Research | Scale Mail Armor |
| 10:24 | Research | Scale Mail Armor |
| 10:24 | Research | Scale Mail Armor |
| 10:25 | Research | Scale Mail Armor |
| 10:26 | Research | Scale Mail Armor |
| 10:26 | Research | Scale Mail Armor |
| 10:27 | Research | Scale Mail Armor |
| 10:27 | Research | Scale Mail Armor |
| 10:27 | Research | Scale Mail Armor |
| 10:28 | Research | Scale Mail Armor |
| 10:28 | Research | Scale Mail Armor |
| 10:29 | Research | Scale Mail Armor |
| 10:29 | Research | Scale Mail Armor |
| 10:29 | Research | Scale Mail Armor |
| 10:30 | Research | Scale Mail Armor |
| 10:30 | Research | Scale Mail Armor |
| 10:31 | Research | Scale Mail Armor |
| 10:31 | Research | Scale Mail Armor |
| 10:31 | Research | Scale Mail Armor |
| 10:32 | Research | Scale Mail Armor |
| 10:32 | Research | Scale Mail Armor |
| 10:32 | Research | Scale Mail Armor |
| 10:33 | Research | Scale Mail Armor |
| 10:34 | Research | Scale Mail Armor |
| 10:34 | Research | Scale Mail Armor |
| 10:34 | Research | Scale Mail Armor |
| 10:35 | Research | Scale Mail Armor |
| 10:35 | Research | Scale Mail Armor |
| 10:57 | Research | Wheelbarrow |
| 10:57 | Research | Wheelbarrow |
| 11:10 | Build | Barracks |
| 11:39 | Research | Tech 1858 |
| 11:39 | Research | Tech 1859 |
| 11:41 | Research | Squires |
| 11:41 | Research | Squires |
| 11:42 | Research | Squires |
| 11:42 | Research | Squires |
| 11:42 | Research | Squires |
| 11:54 | Create | Villager (Male) |
| 12:08 | Build | Lumber Camp |
| 12:27 | Research | Double-Bit Axe |
| 12:27 | Research | Double-Bit Axe |
| 12:32 | Build | Farm |
| 12:34 | Build | Farm |
| 12:38 | Build | Farm |
| 13:08 | Build | Castle |
| 13:53 | Build | Town Center |
| 14:02 | Create | Villager (Male) ×5 |
| 14:02 | Create | Villager (Male) ×5 |
| 14:03 | Create | Villager (Male) ×5 |
| 14:37 | Create | Villager (Male) ×5 |
| 14:37 | Create | Villager (Male) ×5 |
| 14:37 | Create | Villager (Male) ×5 |
| 14:38 | Create | Villager (Male) |
| 14:50 | Research | Imperial Age |
| 14:50 | Age | Imperial Age |
| 15:03 | Research | Conscription |
| 15:03 | Research | Conscription |
| 15:03 | Research | Conscription |
| 15:04 | Research | Conscription |
| 15:04 | Research | Conscription |
| 15:05 | Research | Conscription |
| 15:18 | Research | Squires |
| 15:19 | Research | Arson |
Build order — vincentc95
First 150 of 636 actions detected
| 0:11 | Build | Mill |
| 0:14 | Create | Villager (Male) |
| 0:16 | Create | Villager (Male) |
| 0:38 | Create | Villager (Male) |
| 0:42 | Build | Lumber Camp |
| 0:49 | Create | Villager (Male) |
| 0:56 | Create | Villager (Male) |
| 1:05 | Research | Feudal Age |
| 1:16 | Build | Farm |
| 1:27 | Build | Farm |
| 1:34 | Build | Farm |
| 1:43 | Build | Farm |
| 1:50 | Build | Farm |
| 1:55 | Age | Feudal Age |
| 1:55 | Research | Wheelbarrow |
| 1:58 | Research | Double-Bit Axe |
| 1:59 | Research | Double-Bit Axe |
| 1:59 | Research | Double-Bit Axe |
| 1:59 | Research | Double-Bit Axe |
| 1:59 | Research | Double-Bit Axe |
| 2:00 | Research | Double-Bit Axe |
| 2:05 | Build | Farm |
| 2:17 | Research | Wheelbarrow |
| 2:20 | Build | Farm |
| 2:30 | Build | Farm |
| 2:43 | Research | Wheelbarrow |
| 2:55 | Research | Wheelbarrow |
| 3:02 | Research | Double-Bit Axe |
| 3:10 | Build | Farm |
| 3:14 | Create | Villager (Male) |
| 3:19 | Create | Villager (Male) |
| 3:21 | Build | Farm |
| 3:29 | Create | Villager (Male) |
| 3:31 | Research | Wheelbarrow |
| 3:46 | Build | Farm |
| 3:51 | Create | Villager (Male) |
| 3:53 | Research | Double-Bit Axe |
| 3:54 | Research | Double-Bit Axe |
| 3:54 | Research | Double-Bit Axe |
| 3:54 | Research | Double-Bit Axe |
| 3:59 | Build | Farm |
| 4:07 | Build | Farm |
| 4:17 | Build | Farm |
| 4:18 | Research | Wheelbarrow |
| 4:20 | Research | Double-Bit Axe |
| 4:21 | Research | Double-Bit Axe |
| 4:24 | Build | Farm |
| 4:30 | Research | Wheelbarrow |
| 4:32 | Research | Town Watch |
| 4:35 | Build | Farm |
| 4:44 | Build | Farm |
| 4:46 | Research | Double-Bit Axe |
| 4:47 | Research | Double-Bit Axe |
| 4:51 | Create | Villager (Male) |
| 4:53 | Research | Tech 1612 |
| 4:55 | Create | Villager (Male) |
| 4:59 | Build | Farm |
| 5:07 | Build | Farm |
| 5:12 | Research | Double-Bit Axe |
| 5:17 | Build | Farm |
| 5:23 | Build | Lumber Camp |
| 5:35 | Create | Villager (Male) |
| 5:37 | Research | Wheelbarrow |
| 5:42 | Research | Double-Bit Axe |
| 5:42 | Research | Double-Bit Axe |
| 5:43 | Research | Double-Bit Axe |
| 5:54 | Create | Villager (Male) |
| 6:01 | Build | Farm |
| 6:08 | Build | Mill |
| 6:12 | Create | Villager (Male) |
| 6:24 | Build | Farm |
| 6:30 | Build | Lumber Camp |
| 6:44 | Research | Wheelbarrow |
| 6:46 | Research | Double-Bit Axe |
| 6:46 | Research | Double-Bit Axe |
| 6:47 | Research | Double-Bit Axe |
| 6:47 | Research | Double-Bit Axe |
| 6:53 | Build | Farm |
| 6:54 | Build | Farm |
| 6:58 | Build | Farm |
| 7:04 | Build | Farm |
| 7:12 | Build | Farm |
| 7:14 | Create | Villager (Male) |
| 7:24 | Build | Blacksmith |
| 7:37 | Build | Market |
| 7:42 | Research | Wheelbarrow |
| 7:43 | Research | Tech 1613 |
| 7:58 | Research | Castle Age |
| 8:04 | Research | Wheelbarrow |
| 8:04 | Research | Wheelbarrow |
| 8:17 | Build | Farm |
| 8:20 | Build | Farm |
| 8:21 | Build | Farm |
| 8:31 | Build | Farm |
| 8:32 | Build | Farm |
| 8:34 | Age | Castle Age |
| 8:42 | Build | Town Center |
| 8:53 | Research | Wheelbarrow |
| 9:08 | Build | Castle |
| 9:25 | Create | Villager (Male) |
| 9:26 | Create | Villager (Male) |
| 9:28 | Research | Wheelbarrow |
| 9:30 | Research | Town Patrol |
| 9:43 | Create | Villager (Male) |
| 9:44 | Create | Villager (Male) |
| 9:57 | Build | University |
| 10:02 | Build | Farm |
| 10:05 | Build | Farm |
| 10:13 | Research | Wheelbarrow |
| 10:13 | Research | Wheelbarrow |
| 10:14 | Create | Villager (Male) |
| 10:14 | Create | Villager (Male) |
| 10:15 | Create | Villager (Male) |
| 10:27 | Research | Tech 1651 |
| 10:28 | Research | Tech 1651 |
| 10:29 | Research | Tech 1651 |
| 10:29 | Research | Tech 1651 |
| 10:29 | Research | Tech 1651 |
| 10:40 | Create | Villager (Male) |
| 10:40 | Create | Villager (Male) |
| 10:41 | Create | Villager (Male) |
| 10:41 | Create | Villager (Male) |
| 10:41 | Create | Villager (Male) |
| 10:57 | Build | Town Center |
| 11:02 | Research | Tech 455 |
| 11:08 | Research | Wheelbarrow |
| 11:08 | Create | Villager (Male) |
| 11:09 | Create | Villager (Male) |
| 11:09 | Create | Villager (Male) |
| 11:09 | Create | Villager (Male) |
| 11:10 | Create | Villager (Male) |
| 11:12 | Build | Farm |
| 11:24 | Research | Imperial Age |
| 11:27 | Create | Villager (Male) ×5 |
| 11:30 | Research | Tech 1651 |
| 11:31 | Research | Murder Holes |
| 11:32 | Research | Ballistics |
| 11:33 | Research | Masonry |
| 11:34 | Research | Tech 1651 |
| 11:48 | Build | Siege Workshop |
| 11:58 | Age | Imperial Age |
| 12:13 | Build | Siege Workshop |
| 12:26 | Create | Villager (Male) ×5 |
| 12:28 | Research | Siege Engineers |
| 12:29 | Research | Siege Engineers |
| 12:29 | Research | Siege Engineers |
| 12:29 | Research | Siege Engineers |
| 12:30 | Research | Siege Engineers |
| 12:30 | Research | Siege Engineers |
| 12:30 | Research | Siege Engineers |
Build order — Dutchigander
First 150 of 473 actions detected
| 0:04 | Create | Villager (Male) |
| 0:04 | Create | Villager (Male) |
| 0:05 | Create | Villager (Male) |
| 0:05 | Create | Villager (Male) |
| 0:08 | Build | Mill |
| 0:13 | Build | House |
| 0:21 | Build | Lumber Camp |
| 1:35 | Create | Villager (Male) |
| 1:35 | Create | Villager (Male) |
| 1:36 | Create | Villager (Male) |
| 3:24 | Build | Mill |
| 3:35 | Research | Feudal Age |
| 3:35 | Age | Feudal Age |
| 3:42 | Research | Double-Bit Axe |
| 3:58 | Create | Villager (Male) |
| 4:01 | Create | Villager (Male) |
| 4:01 | Create | Villager (Male) |
| 4:08 | Research | Double-Bit Axe |
| 4:21 | Research | Double-Bit Axe |
| 4:29 | Research | Double-Bit Axe |
| 4:42 | Research | Double-Bit Axe |
| 4:47 | Research | Double-Bit Axe |
| 5:00 | Research | Double-Bit Axe |
| 5:03 | Research | Double-Bit Axe |
| 5:04 | Research | Double-Bit Axe |
| 5:06 | Create | Villager (Male) |
| 5:13 | Research | Double-Bit Axe |
| 5:20 | Research | Double-Bit Axe |
| 5:22 | Research | Double-Bit Axe |
| 5:22 | Research | Double-Bit Axe |
| 5:28 | Research | Wheelbarrow |
| 5:45 | Research | Wheelbarrow |
| 6:14 | Research | Double-Bit Axe |
| 6:26 | Research | Double-Bit Axe |
| 6:39 | Research | Double-Bit Axe |
| 6:55 | Build | Farm |
| 7:01 | Build | Farm |
| 7:04 | Build | Farm |
| 7:14 | Build | Lumber Camp |
| 7:19 | Build | Farm |
| 7:23 | Build | Farm |
| 7:25 | Research | Wheelbarrow |
| 7:45 | Research | Wheelbarrow |
| 8:34 | Research | Double-Bit Axe |
| 8:35 | Research | Double-Bit Axe |
| 8:35 | Research | Double-Bit Axe |
| 8:35 | Research | Double-Bit Axe |
| 8:36 | Research | Double-Bit Axe |
| 8:47 | Build | Farm |
| 9:36 | Create | Villager (Male) ×5 |
| 9:37 | Create | Villager (Male) ×5 |
| 9:49 | Build | Market |
| 9:51 | Build | Blacksmith |
| 9:53 | Research | Double-Bit Axe |
| 9:54 | Research | Double-Bit Axe |
| 9:56 | Research | Double-Bit Axe |
| 9:58 | Research | Double-Bit Axe |
| 10:11 | Research | Castle Age |
| 10:11 | Age | Castle Age |
| 10:31 | Build | Town Center |
| 10:33 | Build | Town Center |
| 10:41 | Build | Farm |
| 10:44 | Build | Farm |
| 10:52 | Build | Farm |
| 10:54 | Build | Farm |
| 10:56 | Build | Farm |
| 10:59 | Build | Farm |
| 11:09 | Research | Wheelbarrow |
| 11:09 | Research | Wheelbarrow |
| 11:10 | Research | Wheelbarrow |
| 11:13 | Create | Villager (Male) ×5 |
| 11:13 | Create | Villager (Male) |
| 11:13 | Create | Villager (Male) |
| 11:49 | Build | House |
| 11:52 | Build | Lumber Camp |
| 12:13 | Build | Lumber Camp |
| 12:18 | Build | House |
| 12:25 | Build | Farm |
| 12:28 | Build | Farm |
| 12:31 | Build | Farm |
| 12:46 | Create | Villager (Male) ×5 |
| 12:46 | Create | Villager (Male) ×5 |
| 12:47 | Create | Villager (Male) ×2 |
| 12:59 | Build | Lumber Camp |
| 13:02 | Build | Farm |
| 13:04 | Research | Double-Bit Axe |
| 13:04 | Research | Double-Bit Axe |
| 13:14 | Build | Lumber Camp |
| 13:35 | Build | Farm |
| 13:43 | Build | Farm |
| 13:50 | Build | Farm |
| 14:05 | Build | Farm |
| 14:21 | Build | Lumber Camp |
| 14:27 | Build | Farm |
| 14:29 | Build | Farm |
| 14:31 | Build | Farm |
| 14:32 | Build | Farm |
| 14:41 | Build | Farm |
| 14:45 | Research | Wheelbarrow |
| 14:46 | Research | Wheelbarrow |
| 14:46 | Research | Wheelbarrow |
| 14:48 | Create | Villager (Male) ×5 |
| 14:48 | Create | Villager (Male) ×5 |
| 14:48 | Create | Villager (Male) ×4 |
| 15:08 | Build | Farm |
| 15:23 | Build | Lumber Camp |
| 15:25 | Build | Lumber Camp |
| 15:59 | Build | Market |
| 16:02 | Build | Farm |
| 16:03 | Build | Farm |
| 16:05 | Build | Farm |
| 16:09 | Build | Farm |
| 16:11 | Build | Farm |
| 16:16 | Build | Mill |
| 16:30 | Research | Tech 1625 |
| 16:30 | Research | Tech 1625 |
| 16:31 | Research | Tech 1625 |
| 16:42 | Research | Tech 1625 |
| 16:43 | Research | Tech 1625 |
| 16:43 | Research | Tech 1625 |
| 16:43 | Research | Tech 1625 |
| 16:50 | Build | Lumber Camp |
| 16:56 | Build | Lumber Camp |
| 17:15 | Create | Villager (Male) ×5 |
| 17:15 | Create | Villager (Male) ×5 |
| 17:15 | Create | Villager (Male) ×5 |
| 17:16 | Create | Villager (Male) ×5 |
| 17:26 | Build | Farm |
| 17:41 | Create | Villager (Male) ×5 |
| 17:42 | Create | Villager (Male) ×5 |
| 17:42 | Create | Villager (Male) ×5 |
| 17:47 | Build | Lumber Camp |
| 18:02 | Build | Lumber Camp |
| 18:30 | Build | Farm |
| 18:32 | Build | Farm |
| 18:35 | Build | Farm |
| 18:37 | Build | Farm |
| 18:38 | Build | Farm |
| 18:40 | Build | Farm |
| 18:41 | Build | Farm |
| 18:43 | Build | Farm |
| 18:44 | Build | Farm |
| 18:49 | Build | Mill |
| 18:51 | Build | Farm |
| 18:53 | Build | Farm |
| 18:57 | Build | Mill |
| 18:59 | Build | Farm |
| 19:05 | Build | Farm |
| 19:07 | Build | Farm |
| 19:09 | Build | Farm |
Build order — develement
First 150 of 675 actions detected
| 0:00 | Create | Villager (Male) |
| 0:03 | Build | Mill |
| 0:05 | Build | House |
| 0:16 | Create | Villager (Male) |
| 0:16 | Create | Villager (Male) |
| 0:17 | Create | Villager (Male) |
| 1:29 | Create | Villager (Male) |
| 1:35 | Build | Lumber Camp |
| 2:00 | Create | Villager (Male) |
| 2:27 | Create | Villager (Male) |
| 3:01 | Research | Feudal Age |
| 3:01 | Research | Feudal Age |
| 3:01 | Age | Feudal Age |
| 3:09 | Create | Villager (Male) |
| 3:23 | Create | Villager (Male) |
| 3:33 | Research | Double-Bit Axe |
| 3:53 | Create | Villager (Male) |
| 3:55 | Research | Double-Bit Axe |
| 4:20 | Create | Villager (Male) |
| 4:29 | Research | Double-Bit Axe |
| 4:45 | Research | Wheelbarrow |
| 5:16 | Create | Villager (Male) |
| 5:21 | Build | Market |
| 5:27 | Build | Blacksmith |
| 5:40 | Research | Castle Age |
| 5:40 | Research | Castle Age |
| 5:43 | Age | Castle Age |
| 5:43 | Research | Scale Mail Armor |
| 5:43 | Research | Scale Mail Armor |
| 5:44 | Research | Scale Mail Armor |
| 5:44 | Research | Scale Mail Armor |
| 5:44 | Research | Scale Mail Armor |
| 5:44 | Research | Scale Mail Armor |
| 5:45 | Research | Scale Mail Armor |
| 5:45 | Research | Scale Mail Armor |
| 5:45 | Research | Scale Mail Armor |
| 5:45 | Research | Scale Mail Armor |
| 5:46 | Create | Villager (Male) |
| 5:47 | Research | Double-Bit Axe |
| 5:47 | Research | Double-Bit Axe |
| 5:58 | Research | Scale Mail Armor |
| 5:58 | Research | Scale Mail Armor |
| 5:58 | Research | Scale Mail Armor |
| 5:59 | Research | Scale Mail Armor |
| 5:59 | Research | Scale Mail Armor |
| 5:59 | Research | Scale Mail Armor |
| 6:00 | Research | Scale Mail Armor |
| 6:00 | Research | Scale Mail Armor |
| 6:00 | Research | Scale Mail Armor |
| 6:00 | Research | Scale Mail Armor |
| 6:01 | Research | Scale Mail Armor |
| 6:01 | Research | Scale Mail Armor |
| 6:02 | Research | Scale Mail Armor |
| 6:02 | Research | Scale Mail Armor |
| 6:03 | Research | Scale Mail Armor |
| 6:03 | Research | Scale Mail Armor |
| 6:03 | Research | Scale Mail Armor |
| 6:04 | Research | Scale Mail Armor |
| 6:04 | Research | Scale Mail Armor |
| 6:04 | Research | Scale Mail Armor |
| 6:05 | Research | Scale Mail Armor |
| 6:05 | Research | Scale Mail Armor |
| 6:05 | Research | Scale Mail Armor |
| 6:06 | Research | Scale Mail Armor |
| 6:06 | Research | Scale Mail Armor |
| 6:06 | Research | Scale Mail Armor |
| 6:07 | Research | Scale Mail Armor |
| 6:07 | Research | Scale Mail Armor |
| 6:08 | Research | Wheelbarrow |
| 6:12 | Create | Villager (Male) |
| 6:35 | Research | Double-Bit Axe |
| 6:35 | Research | Double-Bit Axe |
| 6:35 | Research | Double-Bit Axe |
| 6:49 | Research | Double-Bit Axe |
| 7:01 | Create | Villager (Male) |
| 7:10 | Research | Double-Bit Axe |
| 7:15 | Create | Villager (Male) |
| 7:17 | Build | Farm |
| 7:21 | Build | Farm |
| 7:41 | Create | Villager (Male) |
| 7:46 | Build | Lumber Camp |
| 7:50 | Build | Farm |
| 8:10 | Create | Villager (Male) |
| 8:24 | Research | Double-Bit Axe |
| 8:38 | Create | Villager (Male) |
| 8:41 | Create | Villager (Male) |
| 8:42 | Build | Farm |
| 8:45 | Build | Farm |
| 9:07 | Build | Lumber Camp |
| 9:20 | Research | Scale Mail Armor |
| 9:20 | Research | Scale Mail Armor |
| 9:21 | Research | Scale Mail Armor |
| 9:21 | Research | Scale Mail Armor |
| 9:22 | Research | Scale Mail Armor |
| 9:22 | Research | Scale Mail Armor |
| 9:23 | Research | Scale Mail Armor |
| 9:23 | Research | Scale Mail Armor |
| 9:23 | Research | Scale Mail Armor |
| 9:23 | Research | Scale Mail Armor |
| 9:24 | Research | Scale Mail Armor |
| 9:24 | Research | Scale Mail Armor |
| 9:24 | Research | Scale Mail Armor |
| 9:24 | Research | Scale Mail Armor |
| 9:24 | Research | Scale Mail Armor |
| 9:25 | Research | Scale Mail Armor |
| 9:25 | Research | Scale Mail Armor |
| 9:25 | Research | Scale Mail Armor |
| 9:26 | Research | Scale Mail Armor |
| 9:26 | Research | Scale Mail Armor |
| 9:26 | Research | Scale Mail Armor |
| 9:31 | Create | Villager (Male) |
| 9:35 | Build | Lumber Camp |
| 9:45 | Research | Scale Mail Armor |
| 9:45 | Research | Scale Mail Armor |
| 9:45 | Research | Scale Mail Armor |
| 9:45 | Research | Scale Mail Armor |
| 9:46 | Research | Scale Mail Armor |
| 9:46 | Research | Scale Mail Armor |
| 9:47 | Research | Scale Mail Armor |
| 9:47 | Research | Scale Mail Armor |
| 9:47 | Research | Scale Mail Armor |
| 9:47 | Research | Scale Mail Armor |
| 9:47 | Research | Scale Mail Armor |
| 9:48 | Research | Scale Mail Armor |
| 9:48 | Research | Scale Mail Armor |
| 9:48 | Research | Scale Mail Armor |
| 9:48 | Research | Scale Mail Armor |
| 9:48 | Research | Scale Mail Armor |
| 9:49 | Research | Scale Mail Armor |
| 9:49 | Research | Scale Mail Armor |
| 9:49 | Research | Scale Mail Armor |
| 9:50 | Research | Scale Mail Armor |
| 9:50 | Research | Scale Mail Armor |
| 9:50 | Research | Scale Mail Armor |
| 9:50 | Research | Scale Mail Armor |
| 9:50 | Research | Scale Mail Armor |
| 9:51 | Research | Scale Mail Armor |
| 9:51 | Research | Scale Mail Armor |
| 9:51 | Research | Scale Mail Armor |
| 9:51 | Research | Scale Mail Armor |
| 9:54 | Create | Villager (Male) |
| 9:55 | Research | Double-Bit Axe |
| 9:56 | Research | Double-Bit Axe |
| 9:56 | Research | Double-Bit Axe |
| 9:59 | Research | Scale Mail Armor |
| 10:00 | Research | Scale Mail Armor |
| 10:00 | Research | Scale Mail Armor |
| 10:00 | Research | Scale Mail Armor |
| 10:01 | Research | Scale Mail Armor |
| 10:01 | Research | Scale Mail Armor |
Build order — Stigel
First 150 of 400 actions detected
| 0:06 | Create | Villager (Male) ×5 |
| 0:33 | Build | Mill |
| 0:47 | Build | House |
| 0:52 | Build | House |
| 1:03 | Build | Lumber Camp |
| 1:27 | Create | Villager (Male) ×5 |
| 1:27 | Create | Villager (Male) ×5 |
| 3:20 | Build | Farm |
| 3:53 | Create | Villager (Male) |
| 4:10 | Research | Feudal Age |
| 4:45 | Age | Feudal Age |
| 4:55 | Create | Villager (Male) ×5 |
| 5:02 | Research | Tech 1625 |
| 5:11 | Build | Lumber Camp |
| 5:21 | Research | Double-Bit Axe |
| 5:29 | Research | Tech 1625 |
| 5:42 | Research | Double-Bit Axe |
| 5:48 | Create | Villager (Male) |
| 6:04 | Research | Tech 1625 |
| 6:14 | Create | Villager (Male) |
| 6:14 | Create | Villager (Male) |
| 6:24 | Research | Double-Bit Axe |
| 6:30 | Create | Villager (Male) |
| 6:53 | Create | Villager (Male) ×5 |
| 6:59 | Research | Tech 1625 |
| 7:17 | Research | Wheelbarrow |
| 7:17 | Research | Wheelbarrow |
| 7:34 | Build | Lumber Camp |
| 7:43 | Build | Market |
| 7:47 | Build | Blacksmith |
| 7:56 | Research | Wheelbarrow |
| 7:57 | Research | Wheelbarrow |
| 8:28 | Build | Farm |
| 8:37 | Research | Castle Age |
| 8:52 | Build | Blacksmith |
| 9:02 | Research | Double-Bit Axe |
| 9:02 | Research | Double-Bit Axe |
| 9:02 | Research | Double-Bit Axe |
| 9:13 | Age | Castle Age |
| 9:24 | Build | Lumber Camp |
| 9:39 | Build | Market |
| 9:43 | Research | Wheelbarrow |
| 9:58 | Research | Tech 1625 |
| 10:17 | Build | Castle |
| 10:29 | Build | Lumber Camp |
| 10:40 | Research | Wheelbarrow |
| 10:41 | Research | Wheelbarrow |
| 10:41 | Research | Wheelbarrow |
| 11:30 | Build | Siege Workshop |
| 11:42 | Research | Imperial Age |
| 11:50 | Build | Lumber Camp |
| 12:06 | Research | Double-Bit Axe |
| 12:12 | Age | Imperial Age |
| 12:18 | Research | Wheelbarrow |
| 12:23 | Research | Caravan |
| 12:23 | Research | Caravan |
| 12:35 | Build | Barracks |
| 12:46 | Research | Lechitic Legacy |
| 12:55 | Build | Stable |
| 13:05 | Build | Lumber Camp |
| 13:12 | Research | Light Cavalry (upgrade) |
| 13:23 | Research | Lechitic Legacy |
| 13:37 | Create | Villager (Male) ×5 |
| 13:38 | Create | Villager (Male) ×5 |
| 13:38 | Create | Villager (Male) ×5 |
| 13:52 | Research | Lechitic Legacy |
| 13:52 | Research | Lechitic Legacy |
| 13:55 | Research | Conscription |
| 14:03 | Build | Lumber Camp |
| 14:21 | Research | Husbandry |
| 14:21 | Research | Husbandry |
| 14:22 | Research | Husbandry |
| 14:22 | Research | Husbandry |
| 14:22 | Research | Husbandry |
| 14:23 | Research | Husbandry |
| 14:28 | Build | Mill |
| 14:31 | Build | Farm |
| 14:31 | Build | Farm |
| 14:31 | Build | Farm |
| 14:32 | Build | Farm |
| 14:32 | Build | Farm |
| 14:32 | Build | Farm |
| 14:33 | Build | Farm |
| 14:33 | Build | Farm |
| 14:55 | Create | Trade Cart |
| 14:55 | Create | Trade Cart |
| 15:09 | Create | Trade Cart ×5 |
| 15:18 | Research | Lechitic Legacy |
| 15:22 | Create | Scout Cavalry ×4 |
| 15:29 | Build | Farm |
| 15:30 | Build | Farm |
| 15:38 | Build | Lumber Camp |
| 15:49 | Research | Loom |
| 15:49 | Research | Loom |
| 15:49 | Research | Loom |
| 15:49 | Research | Loom |
| 15:50 | Research | Loom |
| 15:50 | Research | Loom |
| 15:50 | Research | Loom |
| 16:16 | Research | Caravan |
| 16:31 | Build | Lumber Camp |
| 16:36 | Research | Forging |
| 16:36 | Research | Forging |
| 16:36 | Research | Forging |
| 16:37 | Research | Forging |
| 16:37 | Research | Forging |
| 16:37 | Research | Forging |
| 17:08 | Build | Lumber Camp |
| 17:26 | Research | Forging |
| 17:27 | Research | Forging |
| 17:27 | Research | Forging |
| 17:38 | Build | Blacksmith |
| 17:39 | Build | Blacksmith |
| 17:39 | Build | Blacksmith |
| 17:40 | Build | Blacksmith |
| 17:40 | Build | Blacksmith |
| 17:41 | Build | Blacksmith |
| 17:41 | Build | Blacksmith |
| 18:00 | Create | Trade Cart ×5 |
| 18:00 | Create | Trade Cart ×5 |
| 18:12 | Research | Lechitic Legacy |
| 18:49 | Build | Market |
| 18:57 | Build | Market |
| 19:09 | Build | Lumber Camp |
| 19:24 | Create | Trade Cart ×5 |
| 19:24 | Create | Trade Cart ×5 |
| 19:34 | Research | Forging |
| 19:35 | Research | Forging |
| 19:35 | Research | Forging |
| 19:35 | Research | Forging |
| 19:36 | Research | Forging |
| 19:36 | Research | Forging |
| 19:40 | Research | Forging |
| 19:40 | Research | Forging |
| 19:40 | Research | Forging |
| 19:41 | Research | Forging |
| 19:41 | Research | Forging |
| 19:42 | Research | Scale Barding Armor |
| 19:42 | Research | Scale Barding Armor |
| 19:43 | Research | Scale Barding Armor |
| 19:43 | Research | Scale Barding Armor |
| 19:43 | Research | Scale Barding Armor |
| 19:44 | Research | Scale Barding Armor |
| 19:44 | Research | Scale Barding Armor |
| 19:47 | Research | Scale Barding Armor |
| 19:47 | Research | Scale Barding Armor |
| 19:47 | Research | Scale Barding Armor |
| 19:48 | Research | Scale Barding Armor |
| 19:48 | Research | Scale Barding Armor |
| 19:49 | Research | Scale Barding Armor |
Build order — Brohio
First 150 of 289 actions detected
| 0:02 | Create | Villager (Male) ×5 |
| 0:14 | Build | Mill |
| 0:36 | Build | Lumber Camp |
| 0:50 | Research | Feudal Age |
| 1:20 | Build | Farm |
| 1:25 | Age | Feudal Age |
| 1:29 | Research | Double-Bit Axe |
| 1:51 | Build | Farm |
| 2:18 | Research | Double-Bit Axe |
| 2:38 | Build | House |
| 2:44 | Create | Villager (Male) |
| 3:06 | Research | Double-Bit Axe |
| 3:27 | Create | Villager (Male) |
| 3:57 | Build | Farm |
| 4:03 | Build | Lumber Camp |
| 4:09 | Create | Villager (Male) |
| 4:09 | Create | Villager (Male) |
| 4:39 | Research | Double-Bit Axe |
| 4:57 | Create | Villager (Male) |
| 4:59 | Create | Villager (Male) |
| 5:22 | Create | Villager (Male) |
| 5:27 | Create | Villager (Male) |
| 5:48 | Research | Double-Bit Axe |
| 5:58 | Create | Villager (Male) |
| 6:11 | Build | Lumber Camp |
| 6:16 | Build | Farm |
| 6:20 | Build | House |
| 6:32 | Create | Villager (Male) |
| 6:42 | Build | Farm |
| 6:46 | Create | Villager (Male) |
| 6:55 | Research | Double-Bit Axe |
| 7:17 | Create | Villager (Male) ×2 |
| 7:36 | Create | Villager (Male) ×2 |
| 7:58 | Build | Farm |
| 8:07 | Research | Wheelbarrow |
| 8:33 | Research | Wheelbarrow |
| 8:54 | Research | Wheelbarrow |
| 9:13 | Research | Double-Bit Axe |
| 9:41 | Research | Wheelbarrow |
| 9:56 | Research | Wheelbarrow |
| 10:12 | Build | Market |
| 10:15 | Build | Blacksmith |
| 10:39 | Research | Castle Age |
| 10:55 | Build | Farm |
| 10:55 | Build | Farm |
| 10:55 | Build | Farm |
| 10:56 | Build | Farm |
| 11:11 | Create | Villager (Male) |
| 11:11 | Age | Castle Age |
| 11:18 | Build | Town Center |
| 11:34 | Research | Wheelbarrow |
| 11:37 | Research | Wheelbarrow |
| 11:54 | Build | Lumber Camp |
| 12:03 | Create | Villager (Male) ×5 |
| 12:15 | Create | Villager (Male) ×5 |
| 12:45 | Build | Mill |
| 12:50 | Build | Farm |
| 12:53 | Create | Villager (Male) ×5 |
| 13:10 | Build | Farm |
| 13:10 | Build | Farm |
| 13:10 | Build | Farm |
| 13:11 | Build | Farm |
| 13:11 | Build | Farm |
| 13:11 | Build | Farm |
| 13:24 | Research | Tech 1625 |
| 13:25 | Research | Tech 1625 |
| 13:25 | Research | Tech 1625 |
| 13:26 | Research | Tech 1625 |
| 13:40 | Build | Farm |
| 13:54 | Create | Villager (Male) ×5 |
| 13:54 | Create | Villager (Male) ×5 |
| 13:55 | Create | Villager (Male) ×5 |
| 13:55 | Create | Villager (Male) ×5 |
| 13:55 | Create | Villager (Male) ×5 |
| 13:55 | Create | Villager (Male) ×5 |
| 14:14 | Build | Town Center |
| 14:21 | Research | Double-Bit Axe |
| 14:22 | Research | Double-Bit Axe |
| 14:23 | Research | Double-Bit Axe |
| 14:34 | Create | Villager (Male) ×5 |
| 14:42 | Research | Wheelbarrow |
| 14:43 | Research | Wheelbarrow |
| 14:43 | Research | Wheelbarrow |
| 14:43 | Research | Wheelbarrow |
| 14:43 | Research | Wheelbarrow |
| 14:44 | Research | Wheelbarrow |
| 15:19 | Create | Villager (Male) ×5 |
| 15:26 | Build | Market |
| 15:33 | Research | Double-Bit Axe |
| 15:54 | Build | Lumber Camp |
| 16:23 | Build | Siege Workshop |
| 16:28 | Build | Castle |
| 16:35 | Build | Castle |
| 16:42 | Create | Villager (Male) ×5 |
| 16:46 | Build | Lumber Camp |
| 16:52 | Build | Lumber Camp |
| 17:14 | Build | Market |
| 17:30 | Build | Castle |
| 17:33 | Build | Castle |
| 17:38 | Research | Kamandaran |
| 17:50 | Create | Villager (Male) ×5 |
| 17:51 | Create | Villager (Male) ×5 |
| 17:51 | Create | Villager (Male) ×5 |
| 17:51 | Create | Villager (Male) ×5 |
| 17:51 | Create | Villager (Male) ×5 |
| 17:52 | Create | Villager (Male) ×5 |
| 17:52 | Create | Villager (Male) ×5 |
| 17:52 | Create | Villager (Male) ×5 |
| 17:53 | Create | Villager (Male) ×5 |
| 18:02 | Research | Caravan |
| 18:02 | Research | Caravan |
| 18:03 | Research | Caravan |
| 18:03 | Research | Caravan |
| 18:03 | Research | Caravan |
| 18:04 | Research | Caravan |
| 18:04 | Research | Caravan |
| 18:04 | Research | Caravan |
| 18:05 | Research | Caravan |
| 18:10 | Build | Market |
| 18:11 | Build | Market |
| 18:32 | Create | Trade Cart ×5 |
| 18:32 | Create | Trade Cart ×5 |
| 18:33 | Create | Trade Cart |
| 18:33 | Create | Trade Cart |
| 18:57 | Build | Lumber Camp |
| 19:25 | Build | Mill |
| 19:27 | Build | Farm |
| 19:28 | Build | Farm |
| 19:28 | Build | Farm |
| 19:29 | Build | Farm |
| 20:02 | Build | Barracks |
| 20:18 | Build | Lumber Camp |
| 20:23 | Build | Stable |
| 20:25 | Build | Stable |
| 20:26 | Build | Stable |
| 20:41 | Research | Bloodlines |
| 20:44 | Research | Husbandry |
| 20:44 | Research | Husbandry |
| 20:44 | Research | Husbandry |
| 20:45 | Research | Husbandry |
| 20:45 | Research | Husbandry |
| 20:45 | Research | Husbandry |
| 20:45 | Research | Husbandry |
| 20:46 | Research | Husbandry |
| 20:46 | Research | Husbandry |
| 20:46 | Research | Husbandry |
| 20:47 | Research | Husbandry |
| 20:52 | Build | Lumber Camp |
| 21:16 | Create | Trade Cart ×5 |
| 21:16 | Create | Trade Cart ×5 |
Match timeline
| 1:25 | Brohio · age_up feudal |
| 1:55 | nooblet3200 · age_up feudal |
| 1:55 | vincentc95 · age_up feudal |
| 3:01 | develement · age_up feudal |
| 3:35 | Dutchigander · age_up feudal |
| 3:47 | Seth_ · age_up feudal |
| 4:00 | jonathahyoga · age_up feudal |
| 4:45 | Stigel · age_up feudal |
| 5:43 | develement · age_up castle |
| 6:39 | nooblet3200 · first_market_sell 500 wood |
| 7:00 | nooblet3200 · first_market_buy 500 stone |
| 7:15 | nooblet3200 · age_up castle |
| 7:39 | nooblet3200 · first_building Monastery |
| 7:56 | vincentc95 · first_market_sell 500 wood |
| 8:11 | vincentc95 · first_market_buy 500 stone |
| 8:17 | Stigel · first_market_sell 500 wood |
| 8:34 | vincentc95 · age_up castle |
| 9:08 | vincentc95 · first_building Castle |
| 9:08 | Seth_ · age_up castle |
| 9:13 | Stigel · age_up castle |
| 9:54 | jonathahyoga · age_up castle |
| 10:05 | Stigel · first_market_buy 500 stone |
| 10:11 | Dutchigander · age_up castle |
| 10:17 | Stigel · first_building Castle |
| 10:31 | Brohio · first_market_sell 500 wood |
| 10:34 | develement · first_market_sell 500 wood |
| 10:36 | develement · first_market_buy 500 stone |
| 10:37 | Brohio · first_market_buy 100 food |
| 10:42 | nooblet3200 · age_up imperial |
| 11:10 | jonathahyoga · first_building Barracks |
| 11:11 | Brohio · age_up castle |
| 11:25 | develement · first_building Castle |
| 11:30 | Stigel · first_building Siege Workshop |
| 11:48 | vincentc95 · first_building Siege Workshop |
| 11:58 | vincentc95 · age_up imperial |
| 12:00 | Seth_ · first_market_buy 100 food |
| 12:02 | jonathahyoga · first_market_buy 500 food |
| 12:03 | Seth_ · first_market_sell 100 wood |
| 12:06 | develement · age_up imperial |
| 12:12 | Stigel · age_up imperial |
| 12:35 | Stigel · first_building Barracks |
| 12:43 | Seth_ · first_building Siege Workshop |
| 12:55 | Stigel · first_building Stable |
| 12:59 | jonathahyoga · first_market_sell 100 wood |
| 13:00 | Seth_ · age_up imperial |
| 13:08 | jonathahyoga · first_building Castle |
| 14:31 | vincentc95 · first_building Barracks |
| 14:50 | jonathahyoga · age_up imperial |
| 14:54 | vincentc95 · first_building Stable |
| 15:51 | Seth_ · first_building Castle |
| 16:22 | Dutchigander · first_market_buy 500 stone |
| 16:23 | Brohio · first_building Siege Workshop |
| 16:28 | Brohio · first_building Castle |
| 16:58 | develement · first_building Barracks |
| 17:08 | vincentc95 · first_building Archery Range |
| 18:28 | Seth_ · first_building Barracks |
| 18:58 | nooblet3200 · first_building Castle |
| 20:02 | Brohio · first_building Barracks |
| 20:14 | Dutchigander · first_building Castle |
| 20:23 | Brohio · first_building Stable |
| 20:55 | nooblet3200 · first_building Barracks |
| 20:59 | nooblet3200 · first_building Stable |
| 21:29 | Dutchigander · first_market_sell 500 wood |
| 21:38 | Dutchigander · age_up imperial |
| 22:47 | develement · first_building Stable |
| 22:55 | Dutchigander · first_building Monastery |
| 22:57 | Brohio · age_up imperial |
| 24:19 | Seth_ · first_building Monastery |
| 24:58 | Dutchigander · first_building Barracks |
| 25:22 | develement · first_building Monastery |
| 27:44 | nooblet3200 · first_building Siege Workshop |
[ AI ANALYSIS · 1 CREDIT ]
What really happened in this match?
Wolo.gg analyzes every decision: build order, eco, micro, common mistakes by bracket. Personalized analysis on WhatsApp or Discord in 30 seconds.
Civ guide
Ethiopians
Perfil
Jugador #2575121